 Dungeon Crawl Stone Soup version 0.17-a0-2055-gb4e23be (webtiles) character file.

247 derrpe the Chopper (level 5, -8/73 HPs)
             Began as a Deep Dwarf Berserker on Oct 11, 2015.
             Was a Believer of Trog.
             Mangled by Duffy's ghost (11 damage)
             ... on level 4 of the Dungeon.
             The game lasted 00:05:08 (3130 turns).

derrpe the Chopper (Deep Dwarf Berserker)           Turns: 3130, Time: 00:05:08

Health: -8/73      AC:  5    Str: 25    XL:     5   Next: 85%
Magic:  7/7        EV: 12    Int:  8    God:    Trog [**....]
Gold:   158        SH:  0    Dex: 13    Spells: 0 memorised, 4 levels left

rFire  . . .     SeeInvis .     a - +0 hand axe
rCold  . . .     Clarity  .     o - +0 ring mail
rNeg   . . .     SustAt   .     (no shield)
rPois  .         Gourm    .     (no helmet)
rElec  .         Spirit   .     (no cloak)
rCorr  .         Warding  .     (no gloves)
rMut   .         Stasis   .     (no boots)
MR     .....                    (no amulet)
Stlth  ..........               (no ring)
                                (no ring)

@: berserking (expiring), non-regenerating, very quick, not resistant to hostile
enchantments, extremely unstealthy
A: damage resistance, recharge devices, sense surroundings 1, slow regeneration
3
a: Device Recharging, Burn Spellbooks, Berserk, Trog's Hand, Renounce Religion


You were on level 4 of the Dungeon.
You worshipped Trog.
Trog was pleased with you.
You were hungry.

You visited 1 branch of the dungeon, and saw 4 of its levels.

You collected 158 gold pieces.

Inventory:

Hand Weapons
 a - a +0 hand axe (weapon)
Armour
 o - a +0 ring mail (worn)
Jewellery
 x - a +4 ring of evasion {unknown}
Wands
 c - a wand of heal wounds (3)
Scrolls
 e - a scroll of blinking
 h - a scroll of remove curse
 i - a scroll of magic mapping {unknown}
 l - a scroll of fear {unknown}
 m - a scroll of random uselessness {unknown}
 q - 4 scrolls of identify
 w - a scroll of teleportation {unknown}
Potions
 b - a potion of resistance
 f - a potion of brilliance {unknown}
 j - 3 potions of curing {unknown}
 k - a potion of lignification {unknown}
 r - a potion of poison {unknown}
 s - 4 potions of cancellation {unknown}
 u - 3 potions of magic {unknown}
 v - a potion of invisibility {unknown}
Comestibles
 d - a bread ration {@e1}
 g - 2 meat rations {@e2}
 n - a beef jerky
 p - 4 fruits


   Skills:
 + Level 3.3 Fighting
 * Level 5.0 Axes
 + Level 3.4 Armour
 + Level 3.4 Dodging
 + Level 2.9 Evocations


You had 4 spell levels left.
You didn't know any spells.

Dungeon Overview and Level Annotations

Branches:
Dungeon (4/15)
 Temple: D:4-7

Altars:

Annotations:
D:4 Duffy's ghost, novice GrFi


Innate Abilities, Weirdness & Mutations

You are resistant to damage.
You can recharge devices by infusing magical energy.
You passively map a small area around you.
You do not regenerate naturally.


Message History

Duffy's ghost hits you!
* * * LOW HITPOINT WARNING * * *
You are too injured to fight recklessly!
You are too injured to fight recklessly!
You are too injured to fight recklessly!
You are too injured to fight recklessly!
You hit Duffy's ghost.
Duffy's ghost is moderately damaged.
You hit Duffy's ghost but do no damage.
Duffy's ghost is moderately damaged.
Duffy's ghost hits you!
* * * LOW HITPOINT WARNING * * *
You are too berserk!
You hit Duffy's ghost but do no damage.
Duffy's ghost is moderately damaged.
Duffy's ghost closely misses you.
You hit Duffy's ghost but do no damage.
Duffy's ghost is moderately damaged.
Duffy's ghost hits you!
You die...

........# *, , ...
........# .. ######.# ,
........#####.. #......#
............... #......#
...........%....#......#
.##......(...# ......... ,
........(....# ........#
#....W.....# ........#
###..@.....# ##......# , ,
.####........#.##......#
,,,
.....##.#....#..........
...... #......#..........
, *
......##......#..........
,
.........................
, *
.........................
,...........##............
.........................


You could see Duffy's ghost.

Vanquished Creatures
  The ghost of derrpe the Insei, an amateur MfMo (D:3)
  Ijyb (D:3)
  An orc priest (D:3)
  A gnoll (D:1)
  2 adders (D:2)
  An ooze (D:3)
  3 worms (D:2)
  3 giant geckos (D:1)
  2 orcs (D:3)
  3 giant cockroaches
  12 goblins
  7 hobgoblins
  7 jackals (D:2)
  6 kobolds
  A quokka (D:3)
  A ball python (D:2)
  4 bats
  A giant newt (D:4)
  7 rats
64 creatures vanquished.

Notes
Turn   | Place    | Note
--------------------------------------------------------------
     0 | D:1      | derrpe the Deep Dwarf Berserker began the quest for the Orb.
     0 | D:1      | Reached XP level 1. HP: 20/20 MP: 1/1
   270 | D:1      | Reached skill level 1 in Evocations
   270 | D:1      | Reached XP level 2. HP: 10/27 MP: 2/2
  1104 | D:2      | Reached XP level 3. HP: 17/33 MP: 3/3
  1234 | D:2      | Acquired Trog's second power
  1360 | D:2      | Reached skill level 4 in Axes
  1506 | D:2      | Reached XP level 4. HP: 29/40 MP: 5/5
  2051 | D:3      | Noticed derrpe's ghost (amateur MfMo)
  2081 | D:3      | Killed derrpe's ghost
  2081 | D:3      | Reached XP level 5. HP: 38/49 MP: 5/7
  2780 | D:3      | Noticed Ijyb
  2796 | D:3      | Killed Ijyb
  2796 | D:3      | Reached skill level 5 in Axes
  3113 | D:4      | Noticed Duffy's ghost (novice GrFi)
  3128 | D:4      | HP: 3/73 [Duffy's ghost (15)]
  3130 | D:4      | Mangled by Duffy's ghost

Vault maps used:
D:1:      mrwooster_arrival_statue, minmay_misc_feat_nine_boxes
D:2:      first_bread
D:3:      uniq_iyjb

Action                   |  1- 3 |  4- 6 || total
-------------------------+-------+-------++-------
Melee: Hand axe          |   120 |   105 ||   225
Throw: Stone             |       |    19 ||    19
Invok: Berserk           |     3 |     3 ||     6
       Trog's Hand       |     1 |     3 ||     4
Evoke: Wand              |     2 |       ||     2
  Use: Scroll            |       |     3 ||     3
  Eat: Chunk             |     4 |     4 ||     8
       Bread ration      |       |     1 ||     1
